MapleLeafs vs Rangers

Created - November-12-13 at 17:50

Goals
1 2 3 T
MapleLeafs 1 0 1 2
Rangers 2 1 0 3
Shots
1 2 3 T
MapleLeafs 5 6 13 24
Rangers 12 12 5 29

1st period

1. Rangers , David Legwand 3 (Ilya Kovalchuk, Stephane Robidas) at 3:19
2. Rangers , Troy Brouwer 5 (David Legwand, Ilya Kovalchuk) at 6:57
3. MapleLeafs , Drew Doughty 5 (Vincent Lecavalier, Hal Gill) at 7:33

Penalties :
Craig Adams (NYR) for Hooking (Minor) at 11:06, Craig Adams (NYR) for Hooking (Minor) at 13:12

2nd period

4. Rangers , Radim Vrbata 6 (Alex Goligoski, Frans Nielsen) at 1:24

Penalties :
Troy Brouwer (NYR) for Interference (Minor) at 4:44, Matt Read (NYR) for Roughing (Minor) at 7:46, Stephane Robidas (NYR) for Tripping (Minor) at 12:23, Brian Lashoff (TOR) for Holding (Minor) at 14:40, Derek Dorsett (TOR) for Slashing (Minor) at 18:47

3rd period

5. MapleLeafs , Patrick Marleau 9 (Evgeni Malkin, Rostislav Klesla) at 9:58

Penalties :
Brandon Dubinsky (NYR) for Holding (Minor) at 2:08, Craig Adams (NYR) for Hooking (Minor) at 6:50, Francois Beauchemin (NYR) for Cross-checking (Minor) at 14:02

Goalie Stats

Ryan Miller (TOR), 26 saves from 29 shots - (0.897), L, 11-6-4, 59:00 minutes
Tomas Vokoun (NYR), 22 saves from 24 shots - (0.917), W, 8-9-0, 60:00 minutes

Players Stats for MapleLeafs

Player Name              G  A  P  +/- PIM S  H  SB GA TA FO     MP     PP MP  PK MP  
------------------------------------------------------------------------------------
Adam Hall                0  0  0   1  0   0  0  0  0  0  0/0     5:51   0:00   0:00 
Adam Henrique            0  0  0  -2  0   0  0  0  0  0  1/1    18:05   7:10   1:22 
Brian Lashoff            0  0  0  -1  2   0  2  0  0  0  0/0    13:12   0:00   0:36 
Derek Dorsett            0  0  0   0  2   0  3  0  0  0  1/1    14:15   0:00   0:00 
Drew Doughty             1  0  1  -1  0   3  3  1  0  0  0/0    26:33   8:42   2:16 
Evgeni Malkin            0  1  1   0  0   1  0  0  0  0  13/26  22:30   8:11   0:00 
Greg Zanon               0  0  0   1  0   2  0  0  0  0  0/0    20:50   7:10   1:42 
Hal Gill                 0  1  1   1  0   0  0  1  0  0  0/0     3:41   0:00   0:28 
Jonathan Ericsson        0  0  0  -2  0   0  1  1  0  0  0/0    22:38   8:28   1:48 
Nick Leddy               0  0  0  -1  0   2  0  0  0  0  0/0    12:51   0:14   0:00 
Patrick Marleau          1  0  1   0  0   3  1  0  0  0  1/2    22:30   8:11   0:00 
Raffi Torres             0  0  0   0  0   2  2  0  0  0  1/1    12:02   1:14   0:00 
Rostislav Klesla         0  1  1   1  0   2  0  0  0  0  0/0    20:50   7:10   1:42 
Ryan Callahan            0  0  0  -2  0   4  1  0  0  0  0/2    20:51   8:42   2:36 
Ryan Carter              0  0  0   1  0   0  0  0  0  0  0/0     6:37   0:00   0:46 
Steve Sullivan           0  0  0   0  0   0  0  0  0  0  1/2    17:37   7:10   0:00 
Vernon Fiddler           0  0  0   0  0   1  0  0  0  0  9/18   13:34   0:31   2:36 
Vincent Lecavalier       0  1  1  -1  0   4  6  0  0  0  9/20   21:33   6:27   0:00 

Players Stats for Rangers

Player Name              G  A  P  +/- PIM S  H  SB GA TA FO     MP     PP MP  PK MP  
------------------------------------------------------------------------------------
Alex Goligoski           0  1  1   0  0   1  1  1  0  0  0/0    17:22   2:12   1:08 
Ben Smith                0  0  0  -1  0   1  0  0  0  0  0/0     3:48   0:00   0:00 
Benoit Pouliot           0  0  0  -1  0   1  0  0  0  0  0/0     4:41   0:00   0:53 
Brandon Dubinsky         0  0  0   0  2   3  4  0  0  0  2/7    19:53   2:33   3:56 
Craig Adams              0  0  0  -1  6   1  0  0  0  0  2/6     9:57   0:00   6:12 
David Legwand            1  1  2   2  0   3  0  0  0  0  11/14  13:21   1:08   0:00 
Derek Morris             0  0  0   0  0   0  5  1  0  0  0/0    19:26   1:46   7:06 
Francois Beauchemin      0  0  0   0  2   0  1  0  0  0  0/0    25:07   2:12   7:10 
Frans Nielsen            0  1  1   0  0   1  1  0  0  0  19/35  23:39   1:01   9:16 
Ilya Kovalchuk           0  2  2   2  0   3  0  0  0  0  0/0    14:47   3:14   0:00 
Karl Alzner              0  0  0   1  0   0  2  0  0  0  0/0    20:44   0:00   6:54 
Matt Read                0  0  0   0  2   0  1  0  0  0  0/2    15:21   0:00   4:38 
Radim Vrbata             1  0  1   0  0   6  0  0  0  0  0/0    14:26   1:01   0:00 
Rob Scuderi              0  0  0   0  0   2  0  2  0  0  0/0    14:21   0:00   2:42 
Stephane Robidas         0  1  1   1  2   1  1  3  0  0  0/0    22:58   1:46   6:44 
Troy Brouwer             1  0  1   2  2   3  3  0  0  0  1/1    19:03   2:57   3:51 
Ville Leino              0  0  0   0  0   2  1  0  0  0  0/0    10:44   0:00   0:00 
Vinny Prospal            0  0  0   0  0   1  0  0  0  0  2/8    14:22   0:00   2:58 

3 Stars

1 - David Legwand (NYR)
2 - Ilya Kovalchuk (NYR)
3 - Troy Brouwer (NYR)

Power Play

MapleLeafs - 0 on 8 Attempt(s) - 0.00%
Rangers - 0 on 2 Attempt(s) - 0.00%

Penalty Kill

MapleLeafs - 2 on 2 Attempt(s) - 100.00% - Score 0 goal in Penalty Kill
Rangers - 8 on 8 Attempt(s) - 100.00% - Score 0 goal in Penalty Kill

Official

Referees : Mark Lemelin and Mike Hasenfratz
Linesman : Matt MacPherson and John Grandt

Game Notes

No Game Note

Finance

Level 1 -- Attendance: 4416 (67.94%) -- Ticket Income $552,000
Level 2 -- Attendance: 4812 (96.24%) -- Ticket Income $360,900
Level 3 -- Attendance: 3187 (91.06%) -- Ticket Income $159,350
Level 4 -- Attendance: 2200 (100.00%) -- Ticket Income $55,000
Luxury Box -- Attendance: 724 (72.40%) -- Ticket Income $181,000
Game was played at the Madison Square Garden
Total Attendance: 15339 (84.28%)
Total Ticket Income: $1,308,250
Other Income: $196,238
Total Income: $1,504,488


% Time on Ice - MapleLeafs

Lines # - Real PCT - Wanted PCT - Time Play
Normal Forward
1 - 34% - 35% - 13:24
2 - 24% - 30% - 9:33
3 - 27% - 27% - 10:27
4 - 15% - 8% - 5:51
Normal Defense
1 - 31% - 40% - 12:19
2 - 30% - 30% - 11:58
3 - 30% - 20% - 11:45
4 - 8% - 10% - 3:13
PP Forward
1 - 55% - 50% - 8:42
2 - 45% - 50% - 7:10
PP Defense
1 - 55% - 60% - 8:42
2 - 45% - 40% - 7:10
PK Forward
1 - 66% - 55% - 2:36
2 - 34% - 45% - 1:22
PK Defense
1 - 57% - 60% - 2:16
2 - 43% - 40% - 1:42
PK3 Forward
1 - 0% - 50%
2 - 0% - 50%
PK3 Defense
1 - 0% - 60%
2 - 0% - 40%
44 Forward
1 - 0% - 50%
2 - 0% - 50%
44 Defense
1 - 0% - 60%
2 - 0% - 40%
Last Minute Offensive  - 0:55
Last Minute Defensive  - 0:00
Total
Forward - 60:00
Defense - 60:00

% Time on Ice - Rangers

Lines # - Real PCT - Wanted PCT - Time Play
Normal Forward
1 - 34% - 40% - 13:22
2 - 29% - 30% - 11:33
3 - 27% - 20% - 10:44
4 - 10% - 10% - 3:48
Normal Defense
1 - 36% - 40% - 14:02
2 - 35% - 30% - 13:50
3 - 27% - 20% - 10:34
4 - 3% - 10% - 1:01
PP Forward
1 - 74% - 60% - 2:57
2 - 26% - 40% - 1:01
PP Defense
1 - 55% - 60% - 2:12
2 - 45% - 40% - 1:46
PK Forward
1 - 71% - 60% - 11:13
2 - 29% - 40% - 4:39
PK Defense
1 - 55% - 60% - 8:46
2 - 45% - 40% - 7:06
PK3 Forward
1 - 0% - 60%
2 - 0% - 40%
PK3 Defense
1 - 0% - 60%
2 - 0% - 40%
44 Forward
1 - 0% - 60%
2 - 0% - 40%
44 Defense
1 - 0% - 60%
2 - 0% - 40%
Last Minute Offensive  - 0:00
Last Minute Defensive  - 0:43
Total
Forward - 60:00
Defense - 60:00

Play by Play

1st period


0:01 of 1st period - Patrick Marleau wins face-off versus Frans Nielsen in neutral zone.
0:11 of 1st period - Francois Beauchemin is hit by Drew Doughty and loses puck.
0:23 of 1st period - Frans Nielsen is hit by Drew Doughty and loses puck.
1:51 of 1st period - Off-side.
1:52 of 1st period - David Legwand wins face-off versus Vernon Fiddler in neutral zone.
2:14 of 1st period - Shot by Troy Brouwer.
2:14 of 1st period - Shot Blocked by Hal Gill.
2:16 of 1st period - Shot by Ilya Kovalchuk.
2:16 of 1st period - Stopped by Ryan Miller without a rebound.
2:17 of 1st period - Evgeni Malkin wins face-off versus Vinny Prospal in MapleLeafs zone.
2:17 of 1st period - Evgeni Malkin is hit by Ville Leino.
2:52 of 1st period - Vinny Prospal is hit by Brian Lashoff and loses puck.
3:10 of 1st period - Evgeni Malkin is hit by Karl Alzner and loses puck.
3:19 of 1st period - Shot by David Legwand.
3:19 of 1st period - Goal by David Legwand - MapleLeafs : 0 - Rangers : 1.
3:20 of 1st period - Craig Adams wins face-off versus Vincent Lecavalier in neutral zone.
3:29 of 1st period - Shot by Ben Smith.
3:29 of 1st period - Stopped by Ryan Miller without a rebound.
3:30 of 1st period - David Legwand wins face-off versus Vernon Fiddler in MapleLeafs zone.
3:39 of 1st period - Shot by Troy Brouwer.
3:39 of 1st period - Stopped by Ryan Miller without a rebound.
3:40 of 1st period - Craig Adams wins face-off versus Vincent Lecavalier in MapleLeafs zone.
4:18 of 1st period - Shot by Ben Smith.
4:18 of 1st period - Shot Misses the Net.
4:25 of 1st period - Vincent Lecavalier is hit by Francois Beauchemin and loses puck.
4:40 of 1st period - Off-side.
4:41 of 1st period - David Legwand wins face-off versus Evgeni Malkin in neutral zone.
5:04 of 1st period - Shot by David Legwand.
5:04 of 1st period - Shot Misses the Net.
5:06 of 1st period - Shot by Rob Scuderi.
5:06 of 1st period - Stopped by Ryan Miller without a rebound.
5:07 of 1st period - Frans Nielsen wins face-off versus Vernon Fiddler in MapleLeafs zone.
6:10 of 1st period - Shot by Troy Brouwer.
6:10 of 1st period - Shot Misses the Net.
6:12 of 1st period - Shot by Rob Scuderi.
6:12 of 1st period - Stopped by Ryan Miller without a rebound.
6:13 of 1st period - Evgeni Malkin wins face-off versus Vinny Prospal in MapleLeafs zone.
6:13 of 1st period - Evgeni Malkin is hit by Matt Read.
6:41 of 1st period - Shot by Evgeni Malkin.
6:41 of 1st period - Shot Blocked by Stephane Robidas.
6:43 of 1st period - Shot by Patrick Marleau.
6:43 of 1st period - Shot Hit the Post.
6:45 of 1st period - Shot by Patrick Marleau.
6:45 of 1st period - Stopped by Tomas Vokoun without a rebound.
6:46 of 1st period - David Legwand wins face-off versus Vincent Lecavalier in Rangers zone.
6:55 of 1st period - Shot by David Legwand.
6:55 of 1st period - Shot Misses the Net.
6:57 of 1st period - Shot by Troy Brouwer.
6:57 of 1st period - Goal by Troy Brouwer - MapleLeafs : 0 - Rangers : 2.
6:58 of 1st period - Vincent Lecavalier wins face-off versus Frans Nielsen in neutral zone.
7:31 of 1st period - Shot by Drew Doughty.
7:31 of 1st period - Shot Misses the Net.
7:33 of 1st period - Shot by Drew Doughty.
7:33 of 1st period - Goal by Drew Doughty - MapleLeafs : 1 - Rangers : 2.
7:34 of 1st period - Vernon Fiddler wins face-off versus David Legwand in neutral zone.
7:53 of 1st period - Shot by Troy Brouwer.
7:53 of 1st period - Deflect By David Legwand.
7:53 of 1st period - Stopped by Ryan Miller with a rebound.
7:55 of 1st period - Shot by Stephane Robidas.
7:55 of 1st period - Shot Misses the Net.
7:57 of 1st period - Shot by Ilya Kovalchuk.
7:57 of 1st period - Stopped by Ryan Miller without a rebound.
7:58 of 1st period - Vinny Prospal wins face-off versus Evgeni Malkin in MapleLeafs zone.
7:58 of 1st period - Vinny Prospal is hit by Drew Doughty.
8:20 of 1st period - Matt Read is hit by Jonathan Ericsson and loses puck.
9:10 of 1st period - Ryan Callahan is hit by Brandon Dubinsky and loses puck.
9:40 of 1st period - Icing by Karl Alzner.
9:41 of 1st period - Vernon Fiddler wins face-off versus Frans Nielsen in Rangers zone.
9:47 of 1st period - Off-side.
9:48 of 1st period - David Legwand wins face-off versus Vernon Fiddler in neutral zone.
11:03 of 1st period - Shot by Craig Adams.
11:03 of 1st period - Shot Misses the Net.
11:06 of 1st period - Minor Penalty to Craig Adams for Hooking.
11:07 of 1st period - Vincent Lecavalier wins face-off versus Frans Nielsen in Rangers zone.
11:07 of 1st period - Vincent Lecavalier is hit by Derek Morris.
11:34 of 1st period - Steve Sullivan is hit by Derek Morris and loses puck.
12:16 of 1st period - Icing by Drew Doughty.
12:17 of 1st period - Evgeni Malkin wins face-off versus Frans Nielsen in MapleLeafs zone.
12:30 of 1st period - Shot by Drew Doughty.
12:30 of 1st period - Stopped by Tomas Vokoun without a rebound.
12:31 of 1st period - Vincent Lecavalier wins face-off versus Frans Nielsen in Rangers zone.
12:48 of 1st period - Shot by Adam Henrique.
12:48 of 1st period - Shot Misses the Net.
12:59 of 1st period - Rostislav Klesla is hit by Derek Morris.
13:06 of 1st period - Steve Sullivan is hit by Derek Morris and loses puck.
13:12 of 1st period - Minor Penalty to Craig Adams for Hooking.
13:13 of 1st period - Evgeni Malkin wins face-off versus Frans Nielsen in Rangers zone.
14:00 of 1st period - Stephane Robidas is hit by Patrick Marleau and loses puck.
14:35 of 1st period - Shot by Rostislav Klesla.
14:35 of 1st period - Shot Blocked by Derek Morris.
14:41 of 1st period - Shot by Rostislav Klesla.
14:41 of 1st period - Stopped by Tomas Vokoun without a rebound.
14:42 of 1st period - Evgeni Malkin wins face-off versus Brandon Dubinsky in Rangers zone.
15:19 of 1st period - Ben Smith is hit by Vincent Lecavalier and loses puck.
15:43 of 1st period - Shot by Craig Adams.
15:43 of 1st period - Stopped by Ryan Miller without a rebound.
15:44 of 1st period - Steve Sullivan wins face-off versus David Legwand in MapleLeafs zone.
16:03 of 1st period - David Legwand is hit by Raffi Torres and loses puck.
16:26 of 1st period - Rostislav Klesla is hit by Troy Brouwer and loses puck.
16:57 of 1st period - Shot by Vincent Lecavalier.
16:57 of 1st period - Stopped by Tomas Vokoun without a rebound.
16:58 of 1st period - Frans Nielsen wins face-off versus Evgeni Malkin in Rangers zone.
17:14 of 1st period - Icing by Nick Leddy.
17:15 of 1st period - Evgeni Malkin wins face-off versus Vinny Prospal in MapleLeafs zone.
18:41 of 1st period - Shot by Radim Vrbata.
18:41 of 1st period - Stopped by Ryan Miller with a rebound.
18:43 of 1st period - Shot by Frans Nielsen.
18:43 of 1st period - Stopped by Ryan Miller without a rebound.
18:44 of 1st period - David Legwand wins face-off versus Vincent Lecavalier in MapleLeafs zone.
19:49 of 1st period - Shot by Ville Leino.
19:49 of 1st period - Shot Misses the Net.

2nd period


0:01 of 2nd period - Vincent Lecavalier wins face-off versus Frans Nielsen in neutral zone.
0:14 of 2nd period - Shot by Radim Vrbata.
0:14 of 2nd period - Stopped by Ryan Miller without a rebound.
0:15 of 2nd period - Troy Brouwer wins face-off versus Steve Sullivan in MapleLeafs zone.
0:26 of 2nd period - Shot by David Legwand.
0:26 of 2nd period - Shot Misses the Net.
0:42 of 2nd period - Shot by David Legwand.
0:42 of 2nd period - Stopped by Ryan Miller with a rebound.
0:56 of 2nd period - Shot by Greg Zanon.
0:56 of 2nd period - Shot Misses the Net.
1:17 of 2nd period - Off-side.
1:18 of 2nd period - Frans Nielsen wins face-off versus Ryan Callahan in neutral zone.
1:24 of 2nd period - Shot by Radim Vrbata.
1:24 of 2nd period - Goal by Radim Vrbata - MapleLeafs : 1 - Rangers : 3.
1:25 of 2nd period - Frans Nielsen wins face-off versus Vincent Lecavalier in neutral zone.
1:43 of 2nd period - Icing by Francois Beauchemin.
1:44 of 2nd period - Frans Nielsen wins face-off versus Evgeni Malkin in Rangers zone.
1:55 of 2nd period - Shot by Radim Vrbata.
1:55 of 2nd period - Shot Misses the Net.
2:05 of 2nd period - Shot by Brandon Dubinsky.
2:05 of 2nd period - Stopped by Ryan Miller with a rebound.
2:07 of 2nd period - Shot by Brandon Dubinsky.
2:07 of 2nd period - Stopped by Ryan Miller without a rebound.
2:08 of 2nd period - Vincent Lecavalier wins face-off versus Vinny Prospal in MapleLeafs zone.
2:13 of 2nd period - Matt Read is hit by Vincent Lecavalier and loses puck.
2:22 of 2nd period - Shot by Stephane Robidas.
2:22 of 2nd period - Stopped by Ryan Miller without a rebound.
2:23 of 2nd period - David Legwand wins face-off versus Evgeni Malkin in MapleLeafs zone.
2:34 of 2nd period - Shot by Rostislav Klesla.
2:34 of 2nd period - Stopped by Tomas Vokoun without a rebound.
2:35 of 2nd period - Vincent Lecavalier wins face-off versus Frans Nielsen in Rangers zone.
3:12 of 2nd period - Shot by Vincent Lecavalier.
3:12 of 2nd period - Stopped by Tomas Vokoun without a rebound.
3:13 of 2nd period - Vinny Prospal wins face-off versus Evgeni Malkin in Rangers zone.
4:04 of 2nd period - Off-side.
4:05 of 2nd period - Frans Nielsen wins face-off versus Vernon Fiddler in neutral zone.
4:08 of 2nd period - Steve Sullivan is hit by Brandon Dubinsky and loses puck.
4:29 of 2nd period - Shot by Radim Vrbata.
4:29 of 2nd period - Stopped by Ryan Miller without a rebound.
4:30 of 2nd period - David Legwand wins face-off versus Vincent Lecavalier in MapleLeafs zone.
4:44 of 2nd period - Minor Penalty to Troy Brouwer for Interference.
4:45 of 2nd period - Frans Nielsen wins face-off versus Ryan Callahan in Rangers zone.
4:54 of 2nd period - Shot by Drew Doughty.
4:54 of 2nd period - Shot Misses the Net.
6:01 of 2nd period - Shot by Steve Sullivan.
6:01 of 2nd period - Deflect By Adam Henrique.
6:01 of 2nd period - Shot Blocked by Stephane Robidas.
6:03 of 2nd period - Shot by Rostislav Klesla.
6:03 of 2nd period - Shot Misses the Net.
6:13 of 2nd period - Shot by Greg Zanon.
6:13 of 2nd period - Shot Misses the Net.
6:15 of 2nd period - Shot by Greg Zanon.
6:15 of 2nd period - Stopped by Tomas Vokoun without a rebound.
6:16 of 2nd period - Frans Nielsen wins face-off versus Evgeni Malkin in Rangers zone.
6:30 of 2nd period - Shot by Evgeni Malkin.
6:30 of 2nd period - Stopped by Tomas Vokoun without a rebound.
6:31 of 2nd period - Frans Nielsen wins face-off versus Vincent Lecavalier in Rangers zone.
6:31 of 2nd period - Frans Nielsen is hit by Vincent Lecavalier.
7:07 of 2nd period - Brian Lashoff is hit by Troy Brouwer and loses puck.
7:30 of 2nd period - Ryan Carter is hit by Troy Brouwer and loses puck.
7:46 of 2nd period - Minor Penalty to Matt Read for Roughing.
7:47 of 2nd period - Frans Nielsen wins face-off versus Evgeni Malkin in Rangers zone.
9:19 of 2nd period - Shot by Raffi Torres.
9:19 of 2nd period - Stopped by Tomas Vokoun without a rebound.
9:20 of 2nd period - Evgeni Malkin wins face-off versus Brandon Dubinsky in Rangers zone.
10:05 of 2nd period - Shot by Ville Leino.
10:05 of 2nd period - Stopped by Ryan Miller without a rebound.
10:06 of 2nd period - David Legwand wins face-off versus Vernon Fiddler in MapleLeafs zone.
10:44 of 2nd period - Shot by David Legwand.
10:44 of 2nd period - Shot Misses the Net.
11:05 of 2nd period - Off-side.
11:06 of 2nd period - Evgeni Malkin wins face-off versus Frans Nielsen in neutral zone.
12:09 of 2nd period - Icing by Jonathan Ericsson.
12:10 of 2nd period - Evgeni Malkin wins face-off versus Vinny Prospal in MapleLeafs zone.
12:10 of 2nd period - Evgeni Malkin is hit by Stephane Robidas.
12:23 of 2nd period - Minor Penalty to Stephane Robidas for Tripping.
12:24 of 2nd period - Frans Nielsen wins face-off versus Vincent Lecavalier in Rangers zone.
12:24 of 2nd period - Frans Nielsen is hit by Vincent Lecavalier.
12:47 of 2nd period - Shot by Rostislav Klesla.
12:47 of 2nd period - Shot Misses the Net.
14:13 of 2nd period - Shot by Vincent Lecavalier.
14:13 of 2nd period - Stopped by Tomas Vokoun without a rebound.
14:14 of 2nd period - Evgeni Malkin wins face-off versus Frans Nielsen in Rangers zone.
14:16 of 2nd period - Patrick Marleau is hit by Derek Morris and loses puck.
14:40 of 2nd period - Minor Penalty to Brian Lashoff for Holding.
14:41 of 2nd period - Vernon Fiddler wins face-off versus Brandon Dubinsky in MapleLeafs zone.
15:08 of 2nd period - Shot by Brandon Dubinsky.
15:08 of 2nd period - Stopped by Ryan Miller without a rebound.
15:09 of 2nd period - Vernon Fiddler wins face-off versus Frans Nielsen in MapleLeafs zone.
15:09 of 2nd period - Vernon Fiddler is hit by Frans Nielsen.
16:51 of 2nd period - Matt Read is hit by Derek Dorsett and loses puck.
17:04 of 2nd period - Shot by Ville Leino.
17:04 of 2nd period - Stopped by Ryan Miller without a rebound.
17:05 of 2nd period - Vincent Lecavalier wins face-off versus Craig Adams in MapleLeafs zone.
17:46 of 2nd period - Shot by Benoit Pouliot.
17:46 of 2nd period - Stopped by Ryan Miller with a rebound.
18:47 of 2nd period - Minor Penalty to Derek Dorsett for Slashing.
18:48 of 2nd period - David Legwand wins face-off versus Vernon Fiddler in MapleLeafs zone.
19:03 of 2nd period - Shot by Francois Beauchemin.
19:03 of 2nd period - Shot Misses the Net.
19:09 of 2nd period - Shot by Francois Beauchemin.
19:09 of 2nd period - Shot Blocked by Drew Doughty.
19:11 of 2nd period - Shot by Troy Brouwer.
19:11 of 2nd period - Stopped by Ryan Miller without a rebound.
19:12 of 2nd period - Vernon Fiddler wins face-off versus Brandon Dubinsky in MapleLeafs zone.

3rd period


0:01 of 3rd period - Brandon Dubinsky wins face-off versus Vernon Fiddler in neutral zone.
0:34 of 3rd period - Jonathan Ericsson is hit by Brandon Dubinsky and loses puck.
1:43 of 3rd period - Shot by Vincent Lecavalier.
1:43 of 3rd period - Stopped by Tomas Vokoun without a rebound.
1:44 of 3rd period - Vernon Fiddler wins face-off versus Craig Adams in Rangers zone.
1:53 of 3rd period - Shot by Vernon Fiddler.
1:53 of 3rd period - Stopped by Tomas Vokoun without a rebound.
1:54 of 3rd period - Vincent Lecavalier wins face-off versus Frans Nielsen in Rangers zone.
1:54 of 3rd period - Rostislav Klesla is hit by Alex Goligoski and loses puck.
2:08 of 3rd period - Minor Penalty to Brandon Dubinsky for Holding.
2:09 of 3rd period - Frans Nielsen wins face-off versus Patrick Marleau in Rangers zone.
2:09 of 3rd period - Frans Nielsen is hit by Ryan Callahan.
2:19 of 3rd period - Shot by Drew Doughty.
2:19 of 3rd period - Deflect By Evgeni Malkin.
2:19 of 3rd period - Shot Misses the Net.
2:21 of 3rd period - Shot by Jonathan Ericsson.
2:21 of 3rd period - Shot Misses the Net.
2:23 of 3rd period - Shot by Ryan Callahan.
2:23 of 3rd period - Stopped by Tomas Vokoun without a rebound.
2:24 of 3rd period - Frans Nielsen wins face-off versus Vincent Lecavalier in Rangers zone.
2:47 of 3rd period - Shot by Greg Zanon.
2:47 of 3rd period - Stopped by Tomas Vokoun with a rebound.
3:48 of 3rd period - Off-side.
3:49 of 3rd period - Frans Nielsen wins face-off versus Evgeni Malkin in neutral zone.
4:17 of 3rd period - Alex Goligoski is hit by Brian Lashoff.
5:18 of 3rd period - Matt Read is hit by Vincent Lecavalier and loses puck.
6:50 of 3rd period - Minor Penalty to Craig Adams for Hooking.
6:51 of 3rd period - Evgeni Malkin wins face-off versus Matt Read in Rangers zone.
8:18 of 3rd period - Shot by Ryan Callahan.
8:18 of 3rd period - Stopped by Tomas Vokoun without a rebound.
8:19 of 3rd period - Raffi Torres wins face-off versus Matt Read in Rangers zone.
9:17 of 3rd period - Shot by Nick Leddy.
9:17 of 3rd period - Shot Blocked by Alex Goligoski.
9:35 of 3rd period - Alex Goligoski is hit by Derek Dorsett and loses puck.
9:58 of 3rd period - Shot by Patrick Marleau.
9:58 of 3rd period - Goal by Patrick Marleau - MapleLeafs : 2 - Rangers : 3.
9:59 of 3rd period - Frans Nielsen wins face-off versus Vernon Fiddler in neutral zone.
10:17 of 3rd period - Steve Sullivan is hit by Karl Alzner and loses puck.
10:34 of 3rd period - Shot by Raffi Torres.
10:34 of 3rd period - Deflect By Vernon Fiddler.
10:34 of 3rd period - Shot Misses the Net.
11:47 of 3rd period - Shot by Matt Read.
11:47 of 3rd period - Shot Misses the Net.
11:49 of 3rd period - Shot by Matt Read.
11:49 of 3rd period - Deflect By Vinny Prospal.
11:49 of 3rd period - Stopped by Ryan Miller without a rebound.
11:50 of 3rd period - David Legwand wins face-off versus Vincent Lecavalier in MapleLeafs zone.
12:29 of 3rd period - Shot by Alex Goligoski.
12:29 of 3rd period - Stopped by Ryan Miller without a rebound.
12:30 of 3rd period - Vernon Fiddler wins face-off versus Craig Adams in MapleLeafs zone.
12:32 of 3rd period - Icing by Jonathan Ericsson.
12:33 of 3rd period - Vernon Fiddler wins face-off versus Vinny Prospal in MapleLeafs zone.
13:17 of 3rd period - Derek Morris is hit by Raffi Torres and loses puck.
13:50 of 3rd period - Matt Read is hit by Vincent Lecavalier and loses puck.
13:57 of 3rd period - Shot by Ryan Callahan.
13:57 of 3rd period - Stopped by Tomas Vokoun without a rebound.
13:58 of 3rd period - Frans Nielsen wins face-off versus Evgeni Malkin in Rangers zone.
13:58 of 3rd period - Radim Vrbata is hit by Derek Dorsett and loses puck.
14:02 of 3rd period - Minor Penalty to Francois Beauchemin for Cross-checking.
14:03 of 3rd period - Evgeni Malkin wins face-off versus Frans Nielsen in Rangers zone.
14:04 of 3rd period - Shot by Drew Doughty.
14:04 of 3rd period - Shot Blocked by Stephane Robidas.
14:06 of 3rd period - Shot by Ryan Callahan.
14:06 of 3rd period - Stopped by Tomas Vokoun without a rebound.
14:07 of 3rd period - Frans Nielsen wins face-off versus Evgeni Malkin in Rangers zone.
14:21 of 3rd period - Off-side.
14:22 of 3rd period - Vincent Lecavalier wins face-off versus Frans Nielsen in neutral zone.
14:25 of 3rd period - Shot by Drew Doughty.
14:25 of 3rd period - Shot Misses the Net.
14:59 of 3rd period - Shot by Drew Doughty.
14:59 of 3rd period - Stopped by Tomas Vokoun without a rebound.
15:00 of 3rd period - Frans Nielsen wins face-off versus Evgeni Malkin in Rangers zone.
15:06 of 3rd period - Icing by Patrick Marleau.
15:07 of 3rd period - Evgeni Malkin wins face-off versus Frans Nielsen in MapleLeafs zone.
15:32 of 3rd period - Shot by Ryan Callahan.
15:32 of 3rd period - Shot Misses the Net.
15:48 of 3rd period - Shot by Patrick Marleau.
15:48 of 3rd period - Stopped by Tomas Vokoun without a rebound.
15:49 of 3rd period - Adam Henrique wins face-off versus Brandon Dubinsky in Rangers zone.
16:18 of 3rd period - Shot by Alex Goligoski.
16:18 of 3rd period - Shot Misses the Net.
16:28 of 3rd period - Shot by Nick Leddy.
16:28 of 3rd period - Stopped by Tomas Vokoun with a rebound.
16:59 of 3rd period - Drew Doughty is hit by Brandon Dubinsky and loses puck.
17:15 of 3rd period - Shot by Radim Vrbata.
17:15 of 3rd period - Stopped by Ryan Miller with a rebound.
17:17 of 3rd period - Shot by Brandon Dubinsky.
17:17 of 3rd period - Shot Blocked by Jonathan Ericsson.
17:31 of 3rd period - Shot by Radim Vrbata.
17:31 of 3rd period - Stopped by Ryan Miller without a rebound.
17:32 of 3rd period - Derek Dorsett wins face-off versus David Legwand in MapleLeafs zone.
18:01 of 3rd period - Shot by Ilya Kovalchuk.
18:01 of 3rd period - Stopped by Ryan Miller without a rebound.
18:02 of 3rd period - Vernon Fiddler wins face-off versus Craig Adams in MapleLeafs zone.
18:09 of 3rd period - Shot by Raffi Torres.
18:09 of 3rd period - Shot Misses the Net.
18:13 of 3rd period - Shot by Raffi Torres.
18:13 of 3rd period - Stopped by Tomas Vokoun without a rebound.
18:14 of 3rd period - Frans Nielsen wins face-off versus Vincent Lecavalier in Rangers zone.
18:58 of 3rd period - Shot by Ryan Callahan.
18:58 of 3rd period - Shot Misses the Net.
19:00 of 3rd period - MapleLeafs, Ryan Miller is pulled from the net.
19:29 of 3rd period - Shot by Troy Brouwer.
19:29 of 3rd period - Shot Misses the Net.
19:50 of 3rd period - Shot by Derek Dorsett.
19:50 of 3rd period - Shot Misses the Net.
19:52 of 3rd period - Shot by Brian Lashoff.
19:52 of 3rd period - Shot Blocked by Rob Scuderi.
19:54 of 3rd period - Shot by Patrick Marleau.
19:54 of 3rd period - Shot Blocked by Rob Scuderi.
19:56 of 3rd period - Shot by Nick Leddy.
19:56 of 3rd period - Stopped by Tomas Vokoun without a rebound.
19:57 of 3rd period - Brandon Dubinsky wins face-off versus Evgeni Malkin in Rangers zone.


Output by the SimonT Hockey Simulator (STHS) for Stephane Roy -- Original Page W3C XHTML 1.0 Valid
Hockey Simulator - Hockey Simulation - Hockey Manager